cohdb
Replays
Latest Replays
All Replays
Popular Replays
Top Player Replays
Match Explorer
How It Works
Community
CoH3 Stats
Reddit
Sign in to upload your games and track your stats! →
Sign in with Steam
Match 36433336
Unlisted
Match 36433336
Overview
Messages
Build Orders
End
Selects Australian Defense Battlegroup
Selects Australian Light Infantry Section
Australian Light Infantry Section
Vickers Machine Gun Team
Australian Light Infantry Section
Construct Section Command Post
Infantry Section
Construct Platoon Command Post
Selects Defensive Tactics
Humber Armored Car
Construct Field Infirmary
Australian Light Infantry Section
Selects Vehicle Over Repair
Construct Company Command Post
Crusader II Medium Tank
Royal Engineer Section
F4lcon
DibbeTC
0
0
Comments
sign in to comment!
No comments posted yet!